 Dungeon Crawl Stone Soup version 0.27.0-1-g7a089689b8 (webtiles) character file.

Game seed: 18303633660365362854

9956 Sobieck the Cleaver (level 11, -4/97 HPs)
             Began as a Naga Warper on Aug 9, 2021.
             Was an Elder of Cheibriados.
             Splashed by Erolcha's acid (9 damage)
             ... on level 11 of the Dungeon.
             The game lasted 00:34:57 (15773 turns).

Sobieck the Cleaver (Naga Warper)                  Turns: 15773, Time: 00:34:58

Health: -4/97      AC:  9    Str: 25    XL:     11   Next: 54%
Magic:  0/14       EV:  9    Int: 23    God:    Cheibriados [****..]
Gold:   544        SH:  0    Dex: 20    Spells: 3/14 levels left

rFire    . . .     SeeInvis +   a - +1 war axe (freeze) {axe}
rCold    . . .     Faith    .   (no shield)
rNeg     . . .     Spirit   +   X - +0 plate armour
rPois    +         Reflect  .   m - +0 helmet
rElec    .         Harm     .   (no cloak)
rCorr    .         Rampage  .   g - +2 pair of gloves {Stlth+}
Will     +....                  (no barding)
Stlth    ..........             v - amulet of guardian spirit
HPRegen  0.26/turn              u - +4 ring of protection
MPRegen  0.14/turn              N - +4 ring of evasion

@: corroded, very slow
A: AC +3, large, see invisible, deformed body, poison resistance, slowness 2,
spit poison 1, naga tail 1
a: Spit Poison, Renounce Religion, Bend Time, Temporal Distortion, Slouch


You were on level 11 of the Dungeon.
You worshipped Cheibriados.
Cheibriados was greatly pleased with you.
You visited 2 branches of the dungeon, and saw 12 of its levels.
You also visited: Bailey.

You collected 544 gold pieces.


Innate Abilities, Weirdness & Mutations

Your serpentine skin is tough. (AC +3)
You have supernaturally acute eyesight. (SInv)
Armour fits poorly on your strangely shaped body.
Your system is resistant to poisons. (rPois)
You cover ground very slowly.
You can spit poison.
You have a snake-like lower body.


   Skills:
 - Level 6.0 Fighting
 + Level 11.4 Axes
 - Level 0.8 Throwing
 - Level 0.7 Armour
 - Level 1.5 Dodging
 - Level 5.0 Stealth
 - Level 2.0 Spellcasting
 + Level 11.4 Translocations
 + Level 5.0 Invocations


You had 3 spell levels left.
You knew the following spells:

 Your Spells              Type           Power      Damage    Failure   Level
a - Blink                 Tloc           N/A        N/A       3%          2
b - Gell's Gravitas       Tloc           26%        N/A       7%          3
c - Lesser Beckoning      Tloc           26%        N/A       7%          3
d - Teleport Other        Tloc           53%        N/A       7%          3

Your spell library contained the following spells:

 Spells                   Type           Power      Damage    Failure   Level
 Magic Dart               Conj           8%         1d3       94%         1
 Searing Ray              Conj           4%         3d3       98%         2
 Manifold Assault         Tloc           53%        N/A       52%         5
 Dispersal                Tloc           26%        N/A       98%         6
 Fulminant Prism          Conj/Hex       1%         3d6       100%        4
 Freezing Cloud           Conj/Ice/Air   1%         6-21      100%        5
 Simulacrum               Ice/Necr       1%         N/A       100%        6
 Polar Vortex             Ice            1%         N/A       100%        9

Inventory:

Hand Weapons
 a - a +1 war axe of freezing (weapon) {axe}
   (You took it off an orc knight on level 8 of the Dungeon)
 b - a +0 hunting sling {sling}
   (You took it off a goblin on level 4 of the Dungeon)
 e - a +2 dagger of venom {short}
   (You took it off a goblin on level 2 of the Dungeon)
 s - a +0 hand axe {axe}
 C - a +1 dire flail of protection {mace}
   (You took it off Edmund on level 5 of the Dungeon)
 D - a +1 flail of pain {mace}
   (You found it on level 5 of the Dungeon)
 E - a +3 dagger of electrocution {short}
   (You took it off a kobold on level 5 of the Dungeon)
 M - a +3 morningstar {mace}
   (You took it off a wight on level 9 of the Dungeon)
 O - a +2 mace of protection {mace}
   (You found it on level 6 of the Dungeon)
Missiles
 d - 5 boomerangs of dispersal {=f!fthrowing}
 f - 54 bolts
 h - 311 stones (quivered) {throwing}
 i - 206 arrows
 q - 63 sling bullets
 w - 3 boomerangs {throwing}
 F - 25 poisoned darts {throwing}
 G - 4 javelins {throwing}
Armour
 g - a +2 pair of gloves of stealth (worn)
   (You found it on level 1 of the Dungeon)
 j - a +0 leather armour
 k - a +2 animal skin
   (You took it off Robin on level 4 of the Dungeon)
 m - a +0 helmet (worn)
   (You took it off Robin on level 4 of the Dungeon)
 y - a +3 scale mail of cold resistance
   (You took it off Ijyb on level 3 of the Dungeon)
 Q - +0 acid dragon scales
   (You found it on level 9 of the Dungeon)
 U - a +1 cloak
   (You took it off Maurice on level 10 of the Dungeon)
 V - +0 steam dragon scales
   (You found it on level 7 of the Dungeon)
 X - a +0 plate armour (worn)
   (You took it off an orc warrior on level 10 of the Dungeon)
Jewellery
 n - a ring of positive energy
   (You took it off an orc on level 4 of the Dungeon)
 u - a +4 ring of protection (left hand)
   (You found it on level 3 of the Dungeon)
 v - an amulet of guardian spirit (around neck)
   (You found it on level 3 of the Dungeon)
 N - a +4 ring of evasion (right hand)
   (You found it on level 6 of the Dungeon)
 W - a +6 ring of intelligence
   (You took it off an orc wizard on level 8 of the Dungeon)
 Y - an amulet of the acrobat
   (You found it on level 7 of the Dungeon)
Wands
 r - a wand of acid (12)
   (You found it on level 9 of the Dungeon)
 H - a wand of flame (33)
   (You found it on level 5 of the Dungeon)
 I - a wand of mindburst (14)
   (You found it on level 5 of the Dungeon)
 R - a wand of iceblast (15)
   (You found it on level 6 of the Dungeon)
 S - a wand of digging (2)
   (You found it on level 7 of the Dungeon)
Scrolls
 c - 2 scrolls of blinking {!r}
 o - a scroll of silence {unknown}
 B - 3 scrolls of teleportation {@r4}
 K - 3 scrolls of identify {@r1}
 L - 3 scrolls of fog
 P - a scroll of fear
 T - a scroll of amnesia {unknown}
 Z - a scroll of immolation {!r!r}
Potions
 l - a potion of magic {unknown}
 p - 5 potions of curing {@q1}
 t - 6 potions of haste {unknown}
 x - a potion of mutation {unknown}
 z - a potion of lignification {unknown}
 A - 2 potions of berserk rage {forbidden!q}
 J - a potion of might {unknown}

Dungeon Overview and Level Annotations

Branches:
Dungeon (11/15)            Temple (1/1) D:7            Lair (0/6) D:8
    Orc (0/2) D:11         Bailey (visited)

Altars:
Ashenzari
Cheibriados
Dithmenos
Elyvilon
Fedhas
Gozag
Hepliaklqana
Kikubaaqudgha
Makhleb
Nemelex Xobeh
Qazlal
Ru
Sif Muna
Trog
Uskayaw
Vehumet
Wu Jian
Xom
Yredelemnul
Zin
The Shining One

Shops:
D:11 [(

Annotations:
D:7 3 runed translucent doors, ystael's ghost, novice MiFi
D:8 1 runed translucent door
D:10 2 runed translucent doors, SnakkuSnakku7's ghost, journeyman OgDe
D:11 1 runed translucent door, Erolcha

#.#
#.....................
#.#
#.....................
#.#
#.....................
#.#
###.####+#####.###+###
#.# #.#
##.######.####.#
#..............#
#########.#########
#..@O.....?
###########


You could see Erolcha (invisible).


Message History

Cheibriados thoroughly appreciates the change of pace.
You can now inflict damage on those overly hasty.
Cheibriados raises the support of your attributes as your movement slows.
You hit the orc. You freeze the orc.
You kill the orc!
Cheibriados appreciates the change of pace.
You now have 472 gold pieces (gained 18).
K - 2 scrolls of identify {@r1} (gained 1)
Items here: ))) [ †.
Things that are here:
a +0 short sword {short}; a +0 plate armour You start resting.
You start resting.
Okay, then.
Unknown command.
Unknown command.
Items here: ))) [ ÷.
h - 311 stones {throwing} (gained 10)
You enter the shallow water.
Moving in this stuff is going to be slow.
Found Loruanim's Weapon Shop.
Unknown command.
You now have 490 gold pieces (gained 18).
You now have 501 gold pieces (gained 11).
You now have 514 gold pieces (gained 13).
There is an entrance to Xiboqoan's Armour Shop here.
Unknown command.
There is a staircase to the Orcish Mines here.
There is an entrance to Loruanim's Weapon Shop here.
You can access your shopping list by pressing '$'.
Unknown command.
You now have 528 gold pieces (gained 14).
You now have 544 gold pieces (gained 16).
An acid dragon comes into view.
The acid dragon roars!
The acid dragon spits acid at you. The splash of acid hits you.
You are splashed with acid!
Danger!
The acid dragon barely misses you.
The acid dragon claws you but does no damage.
The acid dragon bites you but does no damage.
The acid dragon barely misses you.
Your plate armour prevents you from hitting the acid dragon.
The acid dragon bites you.
The acid dragon claws you but does no damage.
You slash the acid dragon! You freeze the acid dragon.
The acid dragon barely misses you. The acid dragon claws you.
You hit the acid dragon. You freeze the acid dragon.
The acid dragon bites you but does no damage.
The acid dragon claws you but does no damage.
You hit the acid dragon. You freeze the acid dragon.
You kill the acid dragon!
Cheibriados appreciates the change of pace.
No target in view!
Found an escape hatch in the ceiling.
Unknown command.
K - 3 scrolls of identify {@r1} (gained 1)
You open the door.
There is an open door here.
Erolcha the Cunning comes into view.
She is wielding a +0 giant club and carrying a wand of acid (8).
Erolcha gestures at you while chanting.
The fireball explodes!
The fireball engulfs you!
Erolcha screams, "Erolcha crush your head!"
Erolcha zaps a wand.
The bolt of acid hits you.
You are splashed with acid.
Danger!
Erolcha mumbles some strange words.
Erolcha flickers and vanishes for a moment.
Erolcha gestures at you while chanting. You resist with almost no effort.
Unknown command.
Press: ? - help, Shift-Dir - straight line, f - Erolcha
Aim: Erolcha, wielding a +0 giant club, wearing a +0 robe and carrying a wand of acid (7) (slightly transparent)
The splash of poison hits Erolcha.
Erolcha zaps a wand.
The bolt of acid hits you! The acid corrodes you!
You are splashed with acid!
You have got your breath back.
Erolcha zaps a wand.
The bolt of acid hits you!
* * * LOW HITPOINT WARNING * * *
The acid corrodes you!
You are splashed with acid!
* * * LOW HITPOINT WARNING * * *
Erolcha zaps a wand.
The bolt of acid hits you!!
* * * LOW HITPOINT WARNING * * *
You are splashed with acid.
* * * LOW HITPOINT WARNING * * *
You slash Erolcha! You freeze Erolcha.
Erolcha zaps a wand.
The bolt of acid misses you.
You hit Erolcha but do no damage. Erolcha barely misses you.
Unknown command.
Okay, then.
Unknown command.
You closely miss Erolcha.
Erolcha zaps a wand.
The bolt of acid hits you!
* * * LOW HITPOINT WARNING * * *
You are splashed with acid!
You die...

Skill      XL: |  1  2  3  4  5  6  7  8  9 10 11 |
---------------+----------------------------------+-----
Axes           | 3 4 5 6 7 9 10 11 | 11.4
Translocations | 4 5 6 9 10 11 | 11.4
Invocations    | 2 3 5 |  5.0
Stealth        | 5 |  5.0
Fighting       | 4 6 |  6.0
Throwing       | |  0.8
Armour         | |  0.7
Dodging        | |  1.5
Spellcasting   | |  2.0

Action                   |  1- 3 |  4- 6 |  7- 9 | 10-12 || total
-------------------------+-------+-------+-------+-------++-------
Melee: Hand axe          |    38 |       |       |       ||    38
       Dagger            |    17 |   160 |   289 |       ||   466
       War axe           |       |       |    30 |   326 ||   356
       Dire flail        |       |       |    12 |       ||    12
 Fire: Hunting sling     |       |    26 |    66 |       ||    92
Throw: Stone             |    29 |    27 |     2 |    39 ||    97
       Javelin           |       |       |       |     3 ||     3
       Dart              |       |       |       |     2 ||     2
 Abil: Spit Poison       |    29 |    26 |    20 |    29 ||   104
Evoke: Wand              |       |       |       |     1 ||     1
  Use: Potion            |     1 |       |     3 |       ||     4
       Scroll            |       |     5 |     9 |     3 ||    17
 Stab: Sleeping          |       |     1 |       |       ||     1
       Distracted        |       |       |       |     1 ||     1
Armor: Leather armour    |    16 |    90 |   101 |       ||   207
       Steam dragon scal |       |       |    98 |    57 ||   155
       Plate armour      |       |       |       |    99 ||    99
Dodge: Dodged            |    31 |    75 |   252 |   182 ||   540

Levels and vault maps discovered:
D:1:      minmay_arrival_open_corners, layout_basic,
          dreamdust_ecumenical_altar_hidden_monk_grotto
D:2:      layout_loops_ring
D:3:      layout_loops_corners, uniq_ijyb
D:4:      kennysheep_goblin_castle, layout_loops_ring,
          grunt_temple_overflow_diamond, cheibrodos_sewer_entry_bend,
          chequers_decorated_corner
D:5:      layout_loops_ring, nicolae_tso_besieged_by_evil, elyvilon_altar_3,
          mainiacjoe_overflow_swirl, uniq_edmund
D:6:      layout_loops_cross, mainiacjoe_overflow_tiny_flanked,
          lightli_temple_of_fire, nzn_hepliaklqana_mist_gate
D:7:      layout_cave_pods, nicolae_vehumet_altar_sigil,
          minmay_temple_entry_tees, gammafunk_ghost_split, enter_ossuary_3
D:8:      layout_rooms, dk_yredelemnul_ordeal, lair_entry_dummy, enter_bailey_3
D:9:      layout_stronghold, uniq_prince_ribbit1
D:10:     layout_layer_cave, muffindrake_ghost_dual_entry, uniq_grum,
          uniq_maurice
D:11:     layout_basic, orc_david_3, ebering_ghost_inner_flame, uniq_harold,
          uniq_nergalle, uniq_erolcha
Temple:   dpeg_chambers_temple

Notes
Turn   | Place    | Note
-------+----------+-------------------------------------------
     0 | D:1      | Sobieck the Naga Warper began the quest for the Orb.
     0 | D:1      | Reached XP level 1. HP: 19/19 MP: 3/3
   338 | D:1      | Reached XP level 2. HP: 26/26 MP: 5/5
   346 | D:1      | Learned a level 2 spell: Blink
   693 | D:1      | You fall into a shaft and drop 1 floor!
  1283 | D:1      | Found a faded altar of an unknown god.
  1395 | D:2      | Reached skill level 3 in Axes
  1441 | D:2      | Reached XP level 3. HP: 32/32 MP: 6/6
  1513 | D:2      | HP: 5/32 [adder (4)]
  2186 | D:3      | Reached XP level 4. HP: 19/39 MP: 7/7
  2469 | D:3      | Reached skill level 4 in Axes
  2601 | D:3      | Reached skill level 4 in Translocations
  2601 | D:3      | Reached XP level 5. HP: 39/45 MP: 8/8
  3060 | D:3      | Noticed Ijyb
  3099 | D:3      | Killed Ijyb
  3699 | D:4      | Noticed Robin
  3755 | D:4      | Killed Robin
  3756 | D:4      | Reached skill level 5 in Axes
  3946 | D:4      | Reached XP level 6. HP: 52/52 MP: 9/9
  4250 | D:4      | You pick up a book of Conjurations {@e2} and begin
                  | reading...
  4250 | D:4      | You add the spells Magic Dart, Searing Ray and Fulminant
                  | Prism to your library.
  4530 | D:4      | Found a sparkling altar of Nemelex Xobeh.
  4532 | D:4      | Found a hide-covered altar of Uskayaw.
  4533 | D:4      | Found a blossoming altar of Fedhas.
  4563 | D:4      | Reached skill level 6 in Axes
  4563 | D:4      | Reached skill level 5 in Translocations
  4563 | D:4      | Reached XP level 7. HP: 48/60 MP: 10/10
  4936 | D:5      | Entered Level 5 of the Dungeon
  5034 | D:5      | Noticed Edmund
  5052 | D:5      | HP: 6/60 [Edmund (10)]
  5055 | D:5      | Killed Edmund
  5330 | D:5      | Found a glowing golden altar of the Shining One.
  5518 | D:5      | Found a white marble altar of Elyvilon.
  5541 | D:5      | Reached skill level 7 in Axes
  5757 | D:5      | Became a worshipper of Elyvilon the Healer
  5846 | D:5      | Found a glowing silver altar of Zin.
  5855 | D:5      | Found a broken altar of Ashenzari.
  5999 | D:5      | Reached XP level 8. HP: 64/67 MP: 11/11
  6048 | D:5      | You pick up a book of Ice and begin reading...
  6048 | D:5      | You add the spells Freezing Cloud, Simulacrum and Polar
                  | Vortex to your library.
  6088 | D:5      | Reached skill level 6 in Translocations
  6244 | D:5      | Reached skill level 8 in Axes
  6723 | D:6      | Reached * piety under Elyvilon
  6759 | D:6      | Found a bloodstained altar of Trog.
  6852 | D:6      | Reached skill level 1 in Invocations
  6939 | D:6      | Reached skill level 2 in Invocations
  7019 | D:6      | Found a shadowy altar of Dithmenos.
  7264 | D:6      | Reached skill level 9 in Axes
  7423 | D:6      | Found a hazy altar of Hepliaklqana.
  7512 | D:6      | Reached XP level 9. HP: 73/73 MP: 12/12
  7695 | D:7      | Found a staircase to the Ecumenical Temple.
  7704 | Temple   | Entered the Ecumenical Temple
  7898 | Temple   | Fell from the grace of Elyvilon
  7898 | Temple   | Became a worshipper of Cheibriados the Contemplative
  8007 | D:7      | Reached skill level 7 in Translocations
  8020 | D:7      | Found a runed translucent gate.
  8211 | D:7      | Reached skill level 3 in Invocations
  8758 | D:7      | Found a runed translucent gate.
  8760 | D:7      | Found a runed translucent gate.
  8761 | D:7      | Noticed a wizard
  8762 | D:7      | Noticed ystael's ghost (novice MiFi)
  8840 | D:7      | Found a radiant altar of Vehumet.
  9222 | D:7      | Learned a level 3 spell: Gell's Gravitas
  9226 | D:7      | Learned a level 3 spell: Lesser Beckoning
  9230 | D:7      | Learned a level 3 spell: Teleport Other
  9267 | D:7      | Reached skill level 10 in Axes
  9304 | D:8      | Reached * piety under Cheibriados
  9390 | D:8      | Reached skill level 8 in Translocations
  9407 | D:8      | Found a flagged portal.
  9470 | Bailey   | Entered a bailey
  9488 | Bailey   | Noticed an orc knight
  9509 | D:8      | HP: 17/73 [orc knight (10)]
  9511 | D:8      | HP: 7/73 [orc knight (11)]
  9516 | D:8      | Killed an orc knight
  9517 | D:8      | Reached skill level 9 in Translocations
  9982 | D:8      | Found a staircase to the Lair.
 10033 | D:7      | Reached XP level 10. HP: 56/80 MP: 7/13
 10154 | D:7      | Reached skill level 10 in Translocations
 10172 | D:7      | Reached skill level 1 in Stealth
 10252 | D:7      | Reached skill level 2 in Stealth
 10417 | D:8      | Found a runed translucent door.
 10425 | D:8      | Found a basalt altar of Yredelemnul.
 10620 | D:10     | Entered Level 10 of the Dungeon
 10766 | D:9      | Reached ** piety under Cheibriados
 10933 | D:9      | Noticed Prince Ribbit
 11013 | D:9      | Reached skill level 3 in Stealth
 11135 | D:9      | Reached skill level 3 in Fighting
 11222 | D:9      | Reached skill level 4 in Invocations
 11231 | D:9      | Reached skill level 4 in Stealth
 11834 | D:9      | Killed Prince Ribbit
 12383 | D:10     | Reached skill level 5 in Stealth
 12451 | D:10     | Reached skill level 4 in Fighting
 12670 | D:10     | Found a runed translucent door.
 12670 | D:10     | Noticed a skeletal warrior
 12671 | D:10     | Noticed a cyclops
 12671 | D:10     | Noticed a frost giant
 12673 | D:10     | Found a runed translucent door.
 12680 | D:10     | Noticed a frost giant
 12681 | D:10     | Noticed a lich
 12681 | D:10     | Noticed a necromancer
 12682 | D:10     | Noticed SnakkuSnakku7's ghost (journeyman OgDe)
 12712 | D:10     | Reached skill level 5 in Invocations
 13002 | D:10     | Reached XP level 11. HP: 86/93 MP: 14/14
 13039 | D:10     | Reached *** piety under Cheibriados
 13088 | D:10     | Noticed Grum
 13112 | D:10     | Killed Grum
 13113 | D:10     | Reached skill level 5 in Fighting
 13119 | D:10     | HP: 20/94 [wolf[Grum] (5)]
 13705 | D:10     | Noticed Maurice
 13779 | D:10     | Killed Maurice
 13780 | D:10     | Reached skill level 11 in Axes
 13780 | D:10     | Reached skill level 11 in Translocations
 14509 | D:11     | Noticed a fire crab
 14520 | D:11     | HP: 18/96 [fire crab (shapeshifter)] (11)]
 14522 | D:11     | HP: 6/96 [fire crab (shapeshifter)] (3)]
 14524 | D:11     | Killed a fire crab
 14914 | D:11     | Noticed Nergalle
 14926 | D:11     | HP: 7/92 [Nergalle/bolt of negative energy (24)]
 14977 | D:11     | HP: 20/92 [Nergalle (1)]
 14986 | D:11     | Killed Nergalle
 14987 | D:11     | Found a runed translucent door.
 15338 | D:11     | Found Xiboqoan's Armour Shop.
 15339 | D:11     | Found a staircase to the Orcish Mines.
 15362 | D:11     | Reached skill level 6 in Fighting
 15377 | D:11     | Reached **** piety under Cheibriados
 15612 | D:11     | Found Loruanim's Weapon Shop.
 15767 | D:11     | Noticed Erolcha
 15770 | D:11     | HP: 15/97 [Erolcha/bolt of acid (17)]
 15773 | D:11     | HP: 5/97 [Erolcha/bolt of acid (6)]
 15773 | D:11     | Splashed by Erolcha's acid

Vanquished Creatures
  Nergalle (D:11)
  A fire crab (shapeshifter) (D:11)
  An orc knight (D:8)
  Maurice (D:10)
  An unseen horror (D:11)
  A troll (D:9)
  A hornet (D:10)
  Prince Ribbit (D:9)
  16 yaks
  3 wyverns (D:10)
  Grum (D:10)
  A water elemental (D:11)
  2 steam dragons
  2 acid dragons
  Edmund (D:5)
  A water moccasin (D:8)
  An ice beast (D:7)
  2 sky beasts
  6 orc warriors
  A black bear (D:7)
  2 necrophages
  3 wolves (D:10)
  2 centaurs
  3 ogres
  2 kobold brigands
  5 bullfrogs
  A gnoll sergeant (D:10)
  3 scorpions
  3 wights (D:9)
  An electric eel (D:11)
  3 howler monkeys
  A centaur zombie (D:8)
  2 jellies
  An iron imp (D:5)
  A centaur skeleton (D:5)
  3 orc priests
  A hound (D:3)
  A bullfrog skeleton (D:4)
  2 iguanas
  Ijyb (D:3)
  5 orc wizards
  A hound skeleton (D:5)
  A howler monkey zombie (D:10)
  Robin (D:4)
  14 gnolls
  3 adders
  4 white imps
  An ufetubus (D:4)
  An adder skeleton (D:3)
  2 worms
  A dart slug (D:4)
  23 orcs
  6 ball pythons
  2 bats
  4 endoplasms
  2 giant cockroaches
  24 goblins
  5 hobgoblins
  3 jackals (D:4)
  14 kobolds
  4 quokkas
  5 frilled lizards
  3 goblin skeletons
  2 hobgoblin zombies (D:5)
  A kobold zombie (D:8)
  An orc skeleton (D:5)
  An orc zombie (D:5)
  A quokka skeleton (D:4)
  2 rats
223 creatures vanquished.

Table legend:
 A = Non-vault XP
 B = Vault XP
 C = Vault XP percentage of total XP
 D = Non-vault monster count
 E = Vault monster count
 F = Vault count percentage of total count
                 A         B        C        D         E       F
            +---------+---------+-------+---------+---------+-------
      Total |   10833 |    3391 |  23.8 |     174 |      49 |  22.0
            +---------+---------+-------+---------+---------+-------
        D:1 |      19 |       0 |   0.0 |      12 |       0 |   0.0
        D:2 |      39 |       0 |   0.0 |      15 |       0 |   0.0
        D:3 |     168 |      36 |  17.6 |      21 |       1 |   4.5
        D:4 |     328 |      58 |  15.0 |      17 |      21 |  55.3
        D:5 |     761 |     206 |  21.3 |      17 |       8 |  32.0
        D:6 |     770 |       0 |   0.0 |      11 |       0 |   0.0
        D:7 |    2242 |       0 |   0.0 |      19 |       0 |   0.0
        D:8 |     436 |     652 |  59.9 |       9 |       7 |  43.8
        D:9 |    2101 |     264 |  11.2 |      21 |       1 |   4.5
       D:10 |    2200 |     983 |  30.9 |      22 |       5 |  18.5
       D:11 |    1769 |    1192 |  40.3 |      10 |       6 |  37.5
            +---------+---------+-------+---------+---------+-------

Illustrated notes

Table legend:
 A = Kills in this place as a percentage of kills in entire the game.
 B = Kills by you in this place as a percentage of kills by you in the entire game.
 C = Kills by friends in this place as a percentage of kills by friends in the entire game.
 D = Other kills in this place as a percentage of other kills in the entire game.
 E = Experience gained in this place as a percentage of experience gained in the entire game.
 F = Experience gained in this place divided by the number of levels of this place that you have seen.
                   A       B       C       D       E      F
               +-------+-------+-------+-------+-------+----------------------
         Total | 100.0 | 100.0 |   N/A |   N/A | 100.0 | 1094.2
       Dungeon | 100.0 | 100.0 |   N/A |   N/A | 100.0 | 1293.1
               +-------+-------+-------+-------+-------+----------------------

Table legend: (Time is in decaauts)
 A = Elapsed time spent in this place.
 B = Non-inter-level travel time spent in this place.
 C = Inter-level travel time spent in this place.
 D = Time resting spent in this place.
 E = Time spent auto-exploring this place.
 F = Levels seen in this place.
 G = Mean time per level.
                   A        B        C        D        E       F      G
               +--------+--------+--------+--------+--------+-----+--------+
         Total |  21081 |  20397 |    684 |   4502 |  13225 |  13 | 1621.6 |
       Dungeon |  20705 |  20103 |    602 |   4490 |  12978 |  11 | 1882.3 |
        Temple |    352 |    270 |     82 |      0 |    246 |   1 |  352.0 |
        Bailey |     23 |     23 |      0 |     12 |      0 |   1 |   23.0 |
               +--------+--------+--------+--------+--------+-----+--------+

Top non-repeatable levels by time:
    D:10: 3560 daAuts
     D:9: 2537 daAuts
     D:7: 2362 daAuts
     D:5: 2063 daAuts
     D:3: 1788 daAuts
     D:4: 1781 daAuts
    D:11: 1559 daAuts
     D:1: 1335 daAuts
     D:8: 1302 daAuts
     D:2: 1260 daAuts
     D:6: 1154 daAuts
  Temple: 352 daAuts
  Bailey: 23 daAuts
